 Dungeon Crawl Stone Soup version 0.27-a0-1217-g8a41f320e8 (webtiles) character file.

Game seed: 11373931560487244483

693 gruber the Magician (level 7, -3/47 HPs)
             Began as a Djinni Fire Elementalist on June 5, 2021.
             Slain by Ijyb
             ... wielding a +0 club
              (5 damage)
             ... on level 5 of the Dungeon.
             The game lasted 00:06:43 (6944 turns).

gruber the Magician (Djinni Fire Elementalist)      Turns: 6944, Time: 00:06:44

Health: -3/47      AC:  3    Str:  7    XL:     7   Next: 96%
Gold:   192        EV: 13    Int: 18    God:
                   SH:  0    Dex: 20

rFire    + + .     SeeInvis .   (no weapon)
rCold    x . .     Faith    .   (no shield)
rNeg     . . .     Spirit   .   a - +0 robe
rPois    ∞         Reflect  .   e - +0 helmet
rElec    .         Harm     .   (no cloak)
rCorr    .         Rampage  .   (no gloves)
Will     .....                  (boots unavailable)
Stlth    ++........             (no amulet)
HPRegen  0.15/turn              q - +6 ring of dexterity
MPRegen  0.00/turn              (no ring)

@: flying
A: sickness immunity, fire resistance 2, cold vulnerability 1, float, innate
caster, hp casting, extra vitality 1
a: no special abilities


You were on level 5 of the Dungeon.
You visited 1 branch of the dungeon, and saw 5 of its levels.

You collected 192 gold pieces.

Inventory:

Missiles
 r - 99 stones
 s - 5 boomerangs of dispersal
Armour
 a - a +0 robe (worn)
 e - a +0 helmet (worn)
Jewellery
 q - a +6 ring of dexterity (left hand)
Wands
 p - a wand of digging (5)
Scrolls
 c - 2 scrolls of amnesia {unknown}
 f - a scroll of fog {unknown}
 g - 3 scrolls of teleportation {unknown}
 h - 2 scrolls of identify {unknown}
 i - a scroll of enchant weapon {unknown}
 j - 2 scrolls of magic mapping {unknown}
 m - a scroll of summoning {unknown}
 n - 4 scrolls of fear {unknown}
Potions
 b - a potion of haste {unknown}
 d - a potion of magic {unknown}
 k - a potion of invisibility {unknown}
 l - 2 potions of heal wounds {unknown}
 o - 2 potions of curing {unknown}
 t - a potion of might


   Skills:
 + Level 1.3 Fighting
 - Level 2.5 Dodging
 - Level 2.2 Stealth
 + Level 6.3 Spellcasting


You couldn't memorise any spells.
You knew the following spells:

 Your Spells              Type           Power      Damage    Failure   Level
a - Foxfire               Conj/Fire      100%       2x1d9     1%          1
b - Conjure Flame         Conj/Fire      28%        6-21      2%          3
c - Inner Flame           Hex/Fire       28%        N/A       2%          3
d - Sticky Flame          Conj/Fire      28%        2d5       9%          4
e - Fireball              Conj/Fire      14%        3d8       24%         5
f - Sandblast             Erth           56%        2d13      1%          1
g - Blink                 Tloc           N/A        N/A       1%          2
h - Searing Ray           Conj           56%        3d5       1%          2
Your spell library was empty.

Dungeon Overview and Level Annotations

Branches:
Dungeon (5/15)
 Temple: D:4-7

Altars:
Okawaru
Qazlal
Ru
Xom

Annotations:
D:5 Dowan, Duvessa, Edmund, Ijyb


Innate Abilities, Weirdness & Mutations

You are immune to sickness and miasma.
You are immune to poison.
Your flesh is very heat resistant. (rF++)
You are vulnerable to cold. (rC-)
You float through the air rather than walking.
You learn spells naturally, not from books.
Your magical power is your life essence.
You have superior vitality. (+4 HP)


Message History

Press: ? - help, Shift-Dir - straight line, f - Dowan
Aim: Dowan, wielding a +0 dagger and wearing a +0 robe (71% to hit)
The searing ray misses Dowan. (Press . to maintain the ray.) Dowan gestures at you while chanting.
You easily resist.
Unknown command.
Your magical contamination has completely faded away.
Ijyb screams, "No!
No, no, no, no!"
Ijyb zaps a wand.
The mass of ice explodes!
The iceblast engulfs you.
You feel a painful chill!
You hear a shout! x2
Ijyb zaps a wand.
The mass of ice explodes!
The iceblast engulfs you!!
You feel a painful chill!
* * * LOW HITPOINT WARNING * * *
Found 17 gold pieces.
Casting: Searing Ray (safe; 1% risk of failure)
Confirm with . or Enter, or press ? or * to list all spells.
Aiming: Searing Ray (safe; 1% risk of failure)
Press: ? - help, Shift-Dir - straight line, f - Ijyb
Aim: Ijyb, wielding a +0 club, wearing a +0 ring mail and carrying a wand of iceblast (6) (moderately wounded, strong, 77% to hit)
The searing ray hits Ijyb.
Ijyb is heavily wounded. (Press . to maintain the ray.)
* * * LOW HITPOINT WARNING * * *
Unknown command.
The searing ray hits Ijyb.
Ijyb is heavily wounded.
* * * LOW HITPOINT WARNING * * *
Ijyb hits you with a +0 club.
* * * LOW HITPOINT WARNING * * *
Unknown command.
Unknown command.
Unknown command.
Without enough magic to sustain it, your searing ray dissipates.
Ijyb barely misses you.
Unknown command.
Unknown command.
Ijyb hits you with a +0 club.
You die...

........§≈ ######.#.# ..
..##.###.≈ #≈≈≈≈≈.#.##....
........§§ #≈≈§≈..#.##....
........§. #≈§≈≈.........
..........$## #####≈§§.........
.......#.#...##≈≈≈≈≈≈...#..##.#
..............≈≈§≈≈....##..##.###
..##..... #...§.......†g......[.
.....##....#....@##..#.##........
..##.##........eg##..#.###.......
........ ........e.ee.........$..
..###.#....#.#.####..#.#####....#
...............####..#.#####.##.#
..###....###.#..................#
.........###.#.####..#..##.#.....
#.###.#..#..............##.####.#
...............####.###.##.# #.#


You could see Duvessa, Ijyb (strong) and Dowan.

Vanquished Creatures
  Sigmund (D:3)
  A water moccasin (D:5)
  A necrophage (D:5)
  A wyvern skeleton (D:5)
  A crimson imp (D:4)
  2 hounds
  An iguana (D:5)
  Terence (D:2)
  A hound skeleton (D:4)
  Robin (D:1)
  3 adders
  A howler monkey skeleton (D:5)
  A shadow imp (D:5)
  2 white imps
  3 worms
  3 dart slugs
  An orc (D:4)
  4 endoplasms
  2 giant cockroaches (D:4)
  13 goblins
  5 hobgoblins
  4 jackals (D:3)
  5 kobolds
  A quokka (D:3)
  6 ball pythons
  4 bats
  2 frilled lizards (D:1)
  3 rats
74 creatures vanquished.

Vanquished Creatures (collateral kills)
  14 foxfires (D:4)
14 creatures vanquished.

Vanquished Creatures (others)
  558 foxfires
558 creatures vanquished.

Grand Total: 646 creatures vanquished

Notes
Turn   | Place    | Note
-------+----------+-------------------------------------------
     0 | D:1      | gruber the Djinni Fire Elementalist began the quest for the
                  | Orb.
     0 | D:1      | Reached XP level 1. HP: 15/15 MP: 0/0
   486 | D:1      | Reached XP level 2. HP: 17/21 MP: 0/0
   727 | D:1      | Found a faded altar of an unknown god.
   928 | D:1      | You are sucked into a shaft and drop 1 floor!
  1098 | D:2      | Noticed Robin
  1155 | D:1      | Killed Robin
  1156 | D:1      | Reached skill level 3 in Spellcasting
  1156 | D:1      | Reached XP level 3. HP: 1/25 MP: 0/0
  1156 | D:1      | Learned a level 1 spell: Sandblast
  2555 | D:2      | Reached XP level 4. HP: 27/31 MP: 0/0
  2902 | D:2      | Noticed Terence
  3818 | D:3      | Noticed Sigmund
  3823 | D:3      | Killed Sigmund
  3824 | D:3      | Reached skill level 4 in Spellcasting
  3824 | D:3      | Reached XP level 5. HP: 21/36 MP: 0/0
  3824 | D:3      | Learned a level 2 spell: Blink
  3824 | D:3      | Reached XP level 6. HP: 24/41 MP: 0/0
  4691 | D:4      | Found a stormy altar of Qazlal.
  4960 | D:2      | Killed Terence
  5111 | D:4      | Reached skill level 5 in Spellcasting
  5732 | D:4      | Found a sacrificial altar of Ru.
  5771 | D:4      | Reached skill level 1 in Fighting
  5844 | D:4      | Reached XP level 7. HP: 34/47 MP: 0/0
  5844 | D:4      | Learned a level 2 spell: Searing Ray
  6026 | D:4      | Found a shimmering altar of Xom.
  6082 | D:5      | Entered Level 5 of the Dungeon
  6190 | D:5      | Found an iron altar of Okawaru.
  6303 | D:5      | Noticed Edmund
  6686 | D:5      | Noticed a water moccasin
  6695 | D:5      | Killed a water moccasin
  6696 | D:5      | Reached skill level 6 in Spellcasting
  6916 | D:5      | Noticed Ijyb
  6916 | D:5      | Noticed Duvessa
  6917 | D:5      | Noticed Dowan
  6942 | D:5      | HP: 1/47 [Ijyb/+0 club (2)]
  6944 | D:5      | Slain by Ijyb

Illustrated notes

Levels and vault maps discovered:
D:1:      dpeg_arrival_rooms_with_view, layout_basic,
          hellmonk_ecumenical_altar_blasted
D:2:      layout_loops_ring, roderic_lattice_a, uniq_robin, uniq_terence
D:3:      layout_loops_cross, uniq_sigmund
D:4:      layout_cave_pools, kennysheep_mini_moat, lemuel_round_altar,
          nicolae_ru_sacrificial_ziggurat, serial_bayou, serial_bayou_lagoon_a,
          serial_bayou_pond_b, serial_bayou_pond_a, serial_bayou_pond_e,
          minmay_fire_ice_demons
D:5:      layout_basic, okawaru_metal_pillars_1_2, grunt_decor_junction,
          saegor_snake_ambush, uniq_edmund, uniq_ijyb, uniq_duvessa

Skill      XL: |  1  2  3  4  5  6  7 |
---------------+----------------------+-----
Spellcasting   | 3 4 5 6 |  6.3
Stealth        | 2 |  2.2
Fighting       | 1 |  1.3
Dodging        | |  2.5

Action                   |  1- 3 |  4- 6 |  7- 9 || total
-------------------------+-------+-------+-------++-------
Melee: Unarmed           |       |     1 |       ||     1
 Cast: Foxfire           |   119 |   180 |    56 ||   355
       Sandblast         |       |     2 |     4 ||     6
       Searing Ray       |       |       |     6 ||     6
       Blink             |       |       |     1 ||     1
Armor: Robe              |     1 |     5 |       ||     6
Dodge: Dodged            |     5 |    15 |     5 ||    25

Table legend: (Time is in decaauts)
 A = Elapsed time spent in this place.
 B = Non-inter-level travel time spent in this place.
 C = Inter-level travel time spent in this place.
 D = Time resting spent in this place.
 E = Time spent auto-exploring this place.
 F = Levels seen in this place.
 G = Mean time per level.
                   A        B        C        D        E       F      G
               +--------+--------+--------+--------+--------+-----+--------+
         Total |   6948 |   6552 |    396 |    319 |   5465 |   5 | 1389.6 |
       Dungeon |   6948 |   6552 |    396 |    319 |   5465 |   5 | 1389.6 |
               +--------+--------+--------+--------+--------+-----+--------+

Top non-repeatable levels by time:
     D:1: 1908 daAuts
     D:2: 1567 daAuts
     D:4: 1481 daAuts
     D:3: 1341 daAuts
     D:5: 649 daAuts
